 Dungeon Crawl Stone Soup version 0.31-a0-750-gfe7b580527 (webtiles) character file.

Game seed: 12522247067327433610

55568 Newt the Markskobold (level 15, 0/81 HPs)
             Began as a Kobold Hunter on Sept 14, 2023.
             Was a High Priest of Hepliaklqana.
             Slain by a skyshark (4 damage)
             ... on level 3 of the Lair of Beasts.
             The game lasted 00:21:28 (18327 turns).

Newt the Markskobold (Kobold Hunter)               Turns: 18327, Time: 00:21:29

Health: 0/81       AC:  3    Str: 12    XL:     15   Next: 18%
Magic:  0/26       EV: 23    Int: 16    God:    Hepliaklqana [*****.]
Gold:   313        SH:  0    Dex: 24    Spells: 24/28 levels left

rFire   + . .        O - +7 arbalest of Mayhem {penet, Fragile Int+8}
rCold   . . .        (shield currently unavailable)
rNeg    . . .        S - +0 troll leather armour
rPois   .            (helmet currently unavailable)
rElec   .            t - melded +0 cloak {Stlth+}
rCorr   .            (gloves currently unavailable)
SInv    +            (boots currently unavailable)
Will    ++...        a - amulet "Vigru" {Spirit rF+ Regen+ Str+3 Int-4}
Stlth   +++++        R - ring of see invisible
HPRegen 1.93/turn    T - ring of willpower
MPRegen 0.20/turn

%: guardian spirit
@: beast-form
A: beast (slay +4), reduced essence, small, no large weapons, nightstalker 3
a: Begin Untransformation, Renounce Religion, Recall Ancestor, Ancestor
Identity, Transference, Idealise


You were on level 3 of the Lair of Beasts.
You worshipped Hepliaklqana.
Hepliaklqana was extremely pleased with you.
You were a hulking beast.
You visited 3 branches of the dungeon, and saw 19 of its levels.
You also visited: Ossuary and Ice Cave.

You collected 1483 gold pieces.
You spent 1170 gold pieces at shops.

Inventory:

Hand Weapons
 k - the +9 whip of Offence {heavy, rPois}
   (You found it on level 2 of the Dungeon)

   rPois:     It protects you from poison
 O - the +7 arbalest of Mayhem (weapon) {penet, Fragile Int+8}
   (You bought it in a shop on level 4 of the Dungeon)

   Int+8:     It affects your intelligence (+8).
   Fragile:   It will be destroyed if unequipped.
Missiles
 d - 2 throwing nets
Armour
 t - a +0 cloak of stealth (melded)
 G - the +0 plate armour of the Past {rElec rF++ rC+ Stlth+}
   (You found it on level 6 of the Dungeon)

   rF++:      It greatly protects you from fire.
   rC+:       It protects you from cold.
   rElec:     It insulates you from electricity.
   Stlth+:    It makes you more stealthy.
 S - a +0 troll leather armour (worn)
 Y - a +2 kite shield of cold resistance
 Z - a +1 hat
Jewellery
 a - the amulet "Vigru" (around neck) {Spirit rF+ Regen+ Str+3 Int-4}
   (You bought it in a shop on level 4 of the Dungeon)

   [amulet of guardian spirit]

   Spirit:    It causes incoming damage to be divided between your reserves of
   health and magic.
   Str+3:     It affects your strength (+3).
   Int-4:     It affects your intelligence (-4).
   rF+:       It protects you from fire.
   Regen+:    It increases your rate of health regeneration.
 f - a ring of protection from cold
 l - a +4 ring of protection
 m - a ring of protection from cold
 p - an amulet of reflection
 q - a ring of poison resistance
 L - an amulet of guardian spirit
 R - a ring of see invisible (left hand)
 T - a ring of willpower (right hand)
 U - a +6 ring of intelligence
 V - an amulet of regeneration
Talismans
 u - a beast talisman (active)
Wands
 v - a wand of flame (84)
 y - a wand of polymorph (28)
 B - a wand of iceblast (24)
 K - a wand of mindburst (20)
 N - a wand of digging (22)
 P - a wand of paralysis (1)
Scrolls
 b - a scroll of enchant armour
 c - 2 scrolls of identify
 r - 10 scrolls of teleportation
 A - 3 scrolls of fear
 F - a scroll of fog
 H - 2 scrolls of noise
 I - 2 scrolls of immolation
 J - 2 scrolls of amnesia
 Q - 2 scrolls of enchant weapon
 W - 2 scrolls of revelation
Potions
 e - 2 potions of mutation
 g - 4 potions of resistance
 i - 4 potions of brilliance
 n - 4 potions of degeneration
 o - 2 potions of magic
 s - 10 potions of curing
 w - 2 potions of ambrosia
 x - 5 potions of might
 z - 2 potions of lignification
 D - a potion of cancellation
 E - a potion of attraction
 M - 4 potions of haste
Miscellaneous
 X - a phial of floods


   Skills:
 - Level 9.4 Fighting
 - Level 20.0 Ranged Weapons
 - Level 10.0 Dodging
 - Level 9.0 Stealth
 - Level 7.3 Spellcasting
 - Level 7.2 Hexes
 - Level 7.2 Translocations
 + Level 5.2 Invocations
 - Level 6.0 Evocations
 - Level 7.0 Shapeshifting


You had 24 spell levels left.
You knew the following spells:

 Your Spells              Type           Power      Damage    Failure   Level
a - Dimensional Bullseye  Hex/Tloc       14%        N/A       8%          4

Your spell library contained the following spells:

 Spells                   Type           Power      Damage    Failure   Level
 Blink                    Tloc           58%        N/A       1%          2
 Lesser Beckoning         Tloc           58%        N/A       1%          2
 Sigil of Binding         Hex            29%        N/A       2%          3
 Momentum Strike          Conj/Tloc      34%        3d8       5%          2
 Dazzling Flash           Conj/Hex       34%        N/A       11%         3
 Volatile Blastmotes      Fire/Tloc      34%        2d12      11%         3
 Magic Dart               Conj           20%        1d4       16%         1
 Sandblast                Erth           10%        2d5       16%         1
 Call Imp                 Summ           10%        N/A       22%         2
 Cigotuvi's Dreadful Rot  Necr/Pois/Air  10%        N/A       22%         2
 Passwall                 Tmut/Erth      4%         N/A       22%         2
 Leda's Liquefaction      Hex/Erth       8%         N/A       34%         4
 Call Canine Familiar     Summ           5%         N/A       41%         3
 Ignite Poison            Fire/Tmut/Pois 5%         N/A       41%         3
 Mephitic Cloud           Conj/Pois/Air  5%         N/A       41%         3
 Ozocubu's Armour         Ice            5%         N/A       41%         3
 Stone Arrow              Conj/Erth      10%        3d7       41%         3
 Metabolic Englaciation   Hex/Ice        8%         N/A       67%         5
 Freezing Cloud           Conj/Ice/Air   2%         6-21      99%         5
 Simulacrum               Ice/Necr       2%         N/A       100%        6
 Starburst                Conj/Fire      2%         6d3       100%        6
 Maxwell's Capacitive Co  Air            2%         ∞         100%        8


Dungeon Overview and Level Annotations

Branches:
Dungeon (15/15)            Temple (1/1) D:4            Lair (3/5) D:9
 Shoals (0/4) Lair:2          Orc (0/2) D:10         Vaults (0/5) D:13
 Depths (0/4) D:15        Ossuary (visited)           IceCv (visited)
  Snake: Lair:2-3    Spider: Lair:2-3

Altars:
Ashenzari
Cheibriados
Dithmenos
Elyvilon
Fedhas
Gozag
Hepliaklqana
Kikubaaqudgha
Makhleb
Nemelex Xobeh
Okawaru
Qazlal
Ru
Sif Muna
Trog
Uskayaw
Vehumet
Wu Jian
Xom
Yredelemnul
Zin
The Shining One

Shops:
D:4 (:*[*

Annotations:
D:4 2 transporters, IdlyInterested's ghost, amateur DsFi


Innate Abilities, Weirdness & Mutations

You are a hulking beast.
Your limbs bulge with bestial killing power. (Slay +4)
Your life essence is reduced to manifest your ancestor. (-10% HP)
You are small and have problems with some larger weapons.
You are completely attuned to the shadows.


Message History

You climb downwards.
There is a stone staircase leading up here.
Unknown command.
Aiming: Paralyse
Press: ? - help, Shift-Dir - straight line, f - skyshark
Aim: a skyshark (heavily wounded, chance to affect: 47%)
The skyshark resists with some effort.
The skyshark misses you. x2; The skyshark tail-slaps you!
* * * LOW HITPOINT WARNING * * *
Unknown command.
Aiming: Paralyse
Press: ? - help, Shift-Dir - straight line, f/p - skyshark
Aim: a skyshark (moderately wounded, chance to affect: 47%)
The skyshark resists with some effort.
The skyshark bites you!
* * * LOW HITPOINT WARNING * * *
The skyshark tastes blood and grows stronger!
The skyshark tail-slaps you!
* * * LOW HITPOINT WARNING * * *
The skyshark completely misses you.
Unknown command.
You feel much better. The skyshark closely misses you. x3
That's the wrong kind of item! (Use * to select it.) Fire/throw/use which item? ([*] to toss any item) (? for menu, Esc to quit)
Okay, then.
Aiming: Paralyse
Press: ? - help, Shift-Dir - straight line, f/p - skyshark
Aim: a skyshark (moderately wounded, strong, chance to affect: 47%)
The skyshark resists with some effort.
The skyshark completely misses you. The skyshark tail-slaps you.
* * * LOW HITPOINT WARNING * * *
The skyshark misses you.
Aiming: Paralyse
Press: ? - help, Shift-Dir - straight line, f/p - skyshark
Aim: a skyshark (moderately wounded, strong, chance to affect: 47%)
The skyshark resists with some effort.
The skyshark bites you!!
* * * LOW HITPOINT WARNING * * *
The skyshark enters a blood-rage!
The skyshark tail-slaps you.
You die...

......
......
#.....
#.l...
#h....
##+###


You could see a skyshark (berserk).

Vanquished Creatures
  Rupert (D:15)
  Louise (D:15)
  A reaper (IceCv)
  A fire dragon (D:15)
  3 vault guards (D:13)
  Fannar (D:11)
  A hydra (D:12)
  3 boulder beetles
  An ogre mage (D:13)
  4 centaur warriors
  4 two-headed ogres
  2 tengu warriors
  2 wizards (D:15)
  A harpy (shapeshifter) (D:13)
  Pikel (D:7)
  3 deep elf pyromancers
  2 deep elf zephyrmancers (D:15)
  A necromancer (D:15)
  A wolf spider (D:14)
  4 ugly things
  2 cyclopes (D:15)
  7 manticores
  A black mamba (Lair:1)
  2 gargoyles
  Maurice (D:9)
  A centaur zombie (D:15)
  An ice statue (IceCv)
  A cane toad (Lair:1)
  Jeremiah (D:7)
  A guardian serpent (D:11)
  A centaur skeleton (D:15)
  4 unseen horrors
  A komodo dragon (Lair:1)
  3 kobold demonologists
  An anaconda simulacrum (IceCv)
  A tengu conjurer (D:13)
  A redback zombie (D:15)
  4 trolls
  A troll (shapeshifter) (D:15)
  2 polar bears
  A centaur simulacrum (D:15)
  3 slime creatures (D:12)
  2 wyverns
  A vampire (D:14)
  2 shadows
  20 yaks
  A dire elephant simulacrum (IceCv)
  A spriggan (shapeshifter) (D:13)
  A wraith (D:9)
  Grum (D:9)
  A basilisk (D:15)
  2 vampire mosquitoes (D:11)
  4 wargs (D:10)
  3 death yak simulacra (IceCv)
  2 harpy simulacra (IceCv)
  An acid dragon (D:12)
  5 water moccasins
  4 ice beasts
  7 orc warriors
  2 sky beasts
  3 black bears
  An ogre (D:7)
  4 boggarts (D:14)
  7 centaurs
  2 wolves (D:9)
  2 phantoms
  7 kobold brigands
  4 two-headed ogre simulacra
  4 gnoll sergeants
  13 bullfrogs
  2 cane toad simulacra (IceCv)
  12 scorpions
  10 wights
  5 elephant simulacra (IceCv)
  16 killer bees
  4 electric eels
  2 howler monkeys
  10 hounds
  4 jellies
  2 human zombies (Ossuary)
  10 orc priests
  Crazy Yiuf (D:3)
  2 scorpion zombies (Ossuary)
  3 iguanas (D:6)
  Jessica (D:3)
  Ijyb (D:4)
  13 orc wizards
  Natasha (twice) (D:2)
  6 spriggan simulacra
  7 troll simulacra
  2 polar bear simulacra (IceCv)
  2 wolf simulacra (IceCv)
  3 mummies (Ossuary)
  20 gnolls
  8 naga simulacra
  7 adders
  A shadow imp (D:7)
  10 white imps
  4 ufetubi
  A worm (D:3)
  A dart slug (D:3)
  32 orcs
  5 ball pythons
  9 endoplasms
  3 giant cockroaches
  7 goblins
  2 hobgoblins
  6 jackals
  17 kobolds
  4 quokkas
  6 bats
  7 frilled lizards
  3 gnoll zombies (Ossuary)
  2 goblin zombies (Ossuary)
  A hobgoblin zombie (Ossuary)
  2 kobold zombies (Ossuary)
  2 orc zombies (Ossuary)
  A quokka zombie (D:5)
  7 rats
  A rat zombie (D:5)
475 creatures vanquished.

Vanquished Creatures (collateral kills)
  2 vault guards (D:13)
  A hydra (D:13)
  2 centaur warriors
  An orc knight (D:15)
  An ugly thing (D:15)
  A cyclops (D:14)
  2 cane toads (Lair:1)
  A komodo dragon (Lair:1)
  A centaur skeleton (D:15)
  Psyche (D:11)
  A rime drake (Lair:1)
  An unseen horror (D:13)
  A yaktaur (D:13)
  A slime creature (D:12)
  7 yaks
  2 centaurs (D:15)
  A wolf (D:9)
  A bullfrog (Lair:1)
  A troll simulacrum (D:12)
  A wolf simulacrum (IceCv)
  2 gnolls
  An orc (D:15)
33 creatures vanquished.

Vanquished Creatures (others)
  A wizard (D:6)
  4 knights
  An ancestor (D:9)
6 creatures vanquished.

Grand Total: 514 creatures vanquished

Notes
Turn   | Place    | Note
-------+----------+-------------------------------------------
     0 | D:1      | Newt the Kobold Hunter began the quest for the Orb.
     0 | D:1      | Reached XP level 1. HP: 12/12 MP: 1/1
    62 | D:1      | Reached XP level 2. HP: 18/18 MP: 2/2
   204 | D:1      | Reached XP level 3. HP: 23/23 MP: 3/3
   632 | D:2      | Reached skill level 11 in Ranged Weapons
   632 | D:2      | Reached XP level 4. HP: 36/36 MP: 4/4
   663 | D:2      | Noticed Natasha
   668 | D:2      | Killed Natasha
   697 | D:2      | Reached XP level 5. HP: 41/41 MP: 5/5
   797 | D:2      | Found a sacrificial altar of Ru.
   936 | D:2      | Identified the +9 whip of Offence {heavy, rPois}
   955 | D:2      | Found a faded altar of an unknown god.
  1114 | D:2      | Noticed Natasha
  1116 | D:2      | Killed Natasha
  1284 | D:3      | Noticed Jessica
  1286 | D:3      | Killed Jessica
  1586 | D:3      | Found a snail-covered altar of Cheibriados.
  1865 | D:3      | Found a runed translucent door.
  1868 | D:3      | Noticed Crazy Yiuf
  1874 | D:3      | Killed Crazy Yiuf
  1875 | D:3      | Reached XP level 6. HP: 46/46 MP: 6/6
  2046 | D:3      | Found a shimmering altar of Xom.
  2526 | D:4      | Found a staircase to the Ecumenical Temple.
  2531 | Temple   | Entered the Ecumenical Temple
  2580 | D:4      | Found Kuecua Barph's Weapon Shop.
  2603 | D:4      | Found Hugunawn's Armour Emporium.
  2605 | D:4      | Noticed a black bear
  2606 | D:4      | Noticed Ijyb
  2612 | D:4      | Killed a black bear
  2613 | D:4      | Reached skill level 5 in Dodging
  2613 | D:4      | Reached XP level 7. HP: 51/51 MP: 7/7
  2629 | D:4      | Killed Ijyb
  2897 | D:4      | Found Cemuj's Book Shop.
  2906 | D:4      | Found Obewkos's General Store.
  2911 | D:4      | Bought a scroll of identify for 24 gold pieces
  3028 | D:4      | Found Biyw's General Store.
  3136 | D:4      | Found a transporter.
  3136 | D:4      | Found a transporter.
  3137 | D:4      | Noticed IdlyInterested's ghost (amateur DsFi)
  3224 | D:5      | Entered Level 5 of the Dungeon
  3435 | D:5      | Reached XP level 8. HP: 53/56 MP: 8/8
  3450 | D:5      | Found a sand-covered staircase.
  3456 | Ossuary  | Entered an ossuary
  3472 | Ossuary  | Reached skill level 1 in Shapeshifting
  3910 | Ossuary  | Reached XP level 9. HP: 60/60 MP: 9/9
  4294 | D:5      | Reached skill level 5 in Shapeshifting
  4384 | D:5      | Found a white marble altar of Elyvilon.
  4795 | D:6      | Identified the +8 whip "Giant's Toothpick" {holy, Will+}
  4816 | D:6      | Found a bloodstained altar of Trog.
  4819 | D:6      | Noticed a wizard
  4831 | D:6      | Killed a wizard
  4920 | D:6      | Identified the +0 plate armour of the Past {rElec rF++ rC+
                  | Stlth+}
  4969 | D:6      | Found a broken altar of Ashenzari.
  4969 | D:6      | Found a burning altar of Makhleb.
  5527 | D:7      | Reached XP level 10. HP: 66/66 MP: 10/10
  5628 | D:7      | Found a radiant altar of Vehumet.
  5784 | D:7      | Found a hazy altar of Hepliaklqana.
  5784 | D:7      | Found a shadowy altar of Dithmenos.
  5831 | D:7      | Noticed Jeremiah
  5838 | D:7      | Killed Jeremiah
  5839 | D:7      | Reached skill level 12 in Ranged Weapons
  5873 | D:7      | Noticed Pikel
  5880 | D:7      | Killed Pikel
  5968 | D:7      | Reached skill level 13 in Ranged Weapons
  6173 | D:7      | Reached skill level 14 in Ranged Weapons
  6337 | D:7      | Became a worshipper of Hepliaklqana the Forgotten
  6483 | D:8      | Found the +8 frozen axe "Frostbite" {freeze, freezing
                  | cloud, *Noise Fly rC+}
  6895 | D:8      | Reached skill level 15 in Ranged Weapons
  6895 | D:8      | Reached skill level 1 in Evocations
  6964 | D:8      | Found a glowing golden altar of the Shining One.
  7035 | D:8      | Reached XP level 11. HP: 71/71 MP: 11/11
  7050 | D:8      | Found an ornate altar of the Wu Jian Council.
  7381 | D:4      | Bought the +7 arbalest of Mayhem {penet, Fragile Int+8} for
                  | 644 gold pieces
  7556 | D:9      | Noticed Maurice
  7557 | D:9      | Paralysed by Maurice for 5 turns
  7570 | D:9      | Reached skill level 5 in Evocations
  7578 | D:9      | Killed Maurice
  7624 | D:9      | Reached * piety under Hepliaklqana
  8141 | D:9      | Noticed Grum
  8146 | D:9      | Killed Grum
  8317 | D:9      | Found an iron altar of Okawaru.
  8472 | D:9      | Found a staircase to the Lair.
  8740 | D:10     | Entered Level 10 of the Dungeon
  8931 | D:10     | Found a stormy altar of Qazlal.
  8978 | D:10     | Reached skill level 10 in Dodging
  8982 | D:10     | Found a staircase to the Orcish Mines.
  9128 | D:10     | Reached ** piety under Hepliaklqana
  9129 | D:10     | Remembered your ancestor Ahumratum as a knight
  9697 | D:11     | Noticed a boulder beetle
  9707 | D:11     | Killed a boulder beetle
  9708 | D:11     | Reached XP level 12. HP: 68/68 MP: 12/12
  9727 | D:11     | Identified the +0 rapier "Luriutock" {heavy, rN+ Stlth+}
  9747 | D:11     | Noticed Fannar
  9755 | D:11     | Killed Fannar
  9837 | D:11     | Noticed Psyche
  9839 | D:11     | Killed Psyche
 10355 | D:11     | Reached *** piety under Hepliaklqana
 10934 | D:12     | Found a frozen archway.
 10949 | IceCv    | Entered an ice cave
 11008 | IceCv    | Reached skill level 16 in Ranged Weapons
 11400 | IceCv    | Noticed a reaper
 11408 | IceCv    | Killed a reaper
 11519 | IceCv    | Reached skill level 17 in Ranged Weapons
 12071 | D:12     | Noticed a two-headed ogre
 12074 | D:12     | Killed a two-headed ogre
 12159 | D:12     | Reached skill level 18 in Ranged Weapons
 12164 | D:12     | Reached XP level 13. HP: 57/72 MP: 13/13
 12322 | D:12     | Noticed a seven-headed hydra
 12325 | D:12     | Killed a seven-headed hydra
 12549 | D:12     | Reached skill level 19 in Ranged Weapons
 12656 | D:4      | Bought the amulet "Vigru" {Spirit rF+ Regen+ Str+3 Int-4}
                  | for 502 gold pieces
 13010 | D:13     | Reached **** piety under Hepliaklqana
 13135 | D:13     | Noticed a vault guard
 13152 | D:13     | Killed a vault guard
 13153 | D:13     | Reached skill level 20 in Ranged Weapons
 13155 | D:13     | Noticed a vault guard
 13159 | D:13     | Noticed an ogre mage
 13162 | D:13     | Killed an ogre mage
 13163 | D:13     | Reached skill level 1 in Spellcasting
 13163 | D:13     | Reached skill level 1 in Hexes
 13163 | D:13     | Reached skill level 1 in Translocations
 13164 | D:13     | Killed a vault guard
 13183 | D:13     | Found a gate to the Vaults.
 13183 | D:13     | Noticed a vault guard
 13183 | D:13     | Noticed a vault guard
 13190 | D:13     | Killed a vault guard
 13195 | D:13     | Killed a vault guard
 13347 | D:13     | Noticed a vault guard
 13360 | D:13     | Killed a vault guard
 13747 | D:13     | Noticed a centaur warrior
 13752 | D:13     | Killed a centaur warrior
 13943 | D:13     | Noticed a five-headed hydra
 13946 | D:13     | Killed a five-headed hydra
 14170 | D:14     | Noticed a centaur warrior
 14175 | D:14     | Killed a centaur warrior
 14176 | D:14     | Reached XP level 14. HP: 67/77 MP: 13/20
 14395 | D:14     | Found a glowing silver altar of Zin.
 14920 | D:14     | Reached skill level 5 in Spellcasting
 14924 | D:14     | Reached skill level 5 in Hexes
 14924 | D:14     | Reached skill level 5 in Translocations
 15041 | D:14     | Found a shimmering altar of Xom.
 15165 | D:15     | Entered Level 15 of the Dungeon
 15291 | D:15     | Noticed Louise
 15304 | D:15     | Killed Louise
 15592 | D:15     | Learned a level 4 spell: Dimensional Bullseye
 15671 | D:15     | Reached ***** piety under Hepliaklqana
 15738 | D:15     | Noticed Rupert
 15757 | D:15     | Killed Rupert
 16103 | D:15     | Found a staircase to the Depths.
 16436 | D:15     | Identified the +1 ring mail of the Swamp {-Cast -Tele Harm
                  | rC+++}
 17313 | Lair:1   | Entered Level 1 of the Lair of Beasts
 17318 | Lair:1   | Reached skill level 1 in Invocations
 17318 | Lair:1   | Reached XP level 15. HP: 69/81 MP: 23/26
 17872 | Lair:1   | Reached skill level 5 in Invocations
 18106 | Lair:1   | Found a broken altar of Ashenzari.
 18294 | Lair:2   | Found a staircase to the Shoals.
 18324 | Lair:3   | HP: 3/81 [skyshark (9)]
 18327 | Lair:3   | Slain by a skyshark

Illustrated notes

Levels and vault maps discovered:
D:1:      lemuel_arrival_broad_hall, layout_rooms, minmay_misc_feat_chi
D:2:      layout_rooms, hellmonk_ecumenical_altar_heavens_door, basic_altar,
          uniq_natasha
D:3:      layout_basic, marbit_many_paths, general_overflow_altar,
          lemuel_tele_altar, dreamdust_princess_bridge, st_stairs_6,
          minivault_27, uniq_jessica, uniq_crazy_yiuf_cottage
D:4:      layout_rooms, minmay_temple_entry_wispy, gammafunk_ghost_mausoleum,
          serial_shops, shop, nicolae_shop_just_a_little_nook,
          nicolae_shop_stone, shop, nicolae_shop_real_fake_doors, uniq_ijyb
D:5:      layout_basic, lemuel_coloured_pillars_altar, enter_ossuary_4,
          amcnicky_mini_rare_corridor_liquid
D:6:      layout_loops_ring, trog_wizard, gammafunk_temple_overflow_pools,
          chequers_garden
D:7:      minmay_polygon_palace, layout_rooms,
          riverfiend_overflow_shadow_ancestor, old_standard_altar,
          minmay_misc_feat_hallway, minmay_misc_feat_secret_circle,
          uniq_jeremiah, uniq_pikel
D:8:      layout_basic, nzn_wu_jian_contemplation,
          mainiacjoe_overflow_surrounded_room, grunt_decor_mini_mirrors
D:9:      layout_basic, lemuel_round_altar, erik_lair_island, serial_ice,
          serial_ice_o, serial_ice_l, serial_ice_b, serial_ice_c, uniq_grum,
          uniq_maurice
D:10:     layout_cave_pods, nicolae_qazlal_scattered_showers,
          minmay_orc_entry_guard_dogs
D:11:     layout_cave_pods, nrook_guardian_serpent_double, uniq_fannar,
          uniq_psyche
D:12:     layout_irregular_city, portal_ice_cave_entry_ice_simulacra
D:13:     layout_irregular_city, grunt_vaults_entry_fortified
D:14:     layout_rooms, serial_park_gazebo [serial_park_minivault_5x5_4],
          st_stairs_2, kennysheep_generic_room_6
D:15:     grunt_enter_depths_magical_seal, layout_grid_maze, hex_tiny,
          uniq_louise, uniq_rupert
Temple:   nicolae_temple_two_arcs
Lair:1:   layout_regular_city, basic_altar, serial_bayou_shore_a,
          grunt_megastairs_3
Lair:2:   layout_layer_cave, minmay_shoals_entry_beasts,
          nicolae_snake_entry_warm_welcome, gammafunk_ghost_hive
Lair:3:   layout_roguey, uniq_sonja

Skill      XL: |  1  2  3  4  5  6  7  8  9 10 11 12 13 14 15 |
---------------+----------------------------------------------+-----
Fighting       | 3 9 |  9.4
Ranged Weapons | 11 15 18 20 | 20.0
Dodging        | 4 5 7 10 | 10.0
Shapeshifting  | 4 7 |  7.0
Evocations     | 2 6 |  6.0
Stealth        | 6 9 |  9.0
Spellcasting   | 4 7 |  7.3
Hexes          | 3 7 |  7.2
Translocations | 3 7 |  7.2
Invocations    | 1 5 |  5.2

Action                     |  1- 3 |  4- 6 |  7- 9 | 10-12 | 13-15 || total
---------------------------+-------+-------+-------+-------+-------++-------
   Fire: Shortbow          |    71 |   114 |   344 |   162 |       ||   691
         Arbalest          |       |       |       |   337 |   382 ||   719
   Cast: Dimensional Bulls |       |       |       |       |     8 ||     8
 Invoke: Ancestor Life: Kn |       |       |       |     1 |       ||     1
         Recall Ancestor   |       |       |       |     1 |     2 ||     3
  Evoke: Wand              |       |       |       |     4 |     7 ||    11
    Use: Scroll            |     2 |     5 |     7 |    10 |     2 ||    26
         Potion            |     1 |       |     1 |     1 |     4 ||     7
 Armour: Leather armour    |    26 |    20 |    59 |    42 |       ||   147
         Troll leather arm |       |       |       |    17 |    94 ||   111
  Dodge: Dodged            |    40 |    30 |   112 |   120 |   109 ||   411
  Block: Other             |       |     2 |    38 |    33 |     1 ||    74
         Reflection        |       |       |       |     2 |       ||     2
   Form: Beast             |       |       |     1 |       |       ||     1

Table legend: (Time is in decaauts)
 A = Elapsed time spent in this place.
 B = Non-inter-level travel time spent in this place.
 C = Inter-level travel time spent in this place.
 D = Time resting spent in this place.
 E = Time spent auto-exploring this place.
 F = Levels seen in this place.
 G = Mean time per level.
                   A        B        C        D        E       F      G
               +--------+--------+--------+--------+--------+-----+--------+
         Total |  18360 |  17165 |   1195 |   1561 |  13182 |  21 |  874.3 |
       Dungeon |  15946 |  14788 |   1158 |   1198 |  11693 |  15 | 1063.1 |
        Temple |      1 |      0 |      1 |      0 |      0 |   1 |    1.0 |
          Lair |   1041 |   1006 |     35 |      0 |    879 |   3 |  347.0 |
       Ossuary |    577 |    577 |      0 |    133 |    249 |   1 |  577.0 |
      Ice Cave |    793 |    793 |      0 |    230 |    360 |   1 |  793.0 |
               +--------+--------+--------+--------+--------+-----+--------+

Top non-repeatable levels by time:
    D:15: 2067 daAuts
    D:13: 1768 daAuts
     D:9: 1346 daAuts
     D:3: 1255 daAuts
    D:11: 1112 daAuts
    D:12: 1046 daAuts
     D:7: 1038 daAuts
    D:10: 998 daAuts
  Lair:1: 988 daAuts
     D:8: 959 daAuts
     D:5: 868 daAuts
     D:4: 820 daAuts
   IceCv: 793 daAuts
     D:6: 775 daAuts
    D:14: 671 daAuts
